 Dungeon Crawl Stone Soup version 0.28.0-45-g0d030f2227 (webtiles) character file.

Game seed: 11977569641339632822

141 zeratav the Insei (level 5, -4/34 HPs)
             Began as an Octopode Transmuter on Apr 9, 2022.
             Slain by an orc
             ... wielding a +0 trident
              (9 damage)
             ... on level 3 of the Dungeon.
             The game lasted 00:03:10 (3012 turns).

zeratav the Insei (Octopode Transmuter)             Turns: 3012, Time: 00:03:11

Health: -4/34      AC:  1    Str:  9    XL:     5   Next: 24%
Magic:  8/8        EV: 14    Int: 16    God:
Gold:   57         SH:  0    Dex: 14    Spells: 7/8 levels left

rFire   . . .      SeeInvis .     - Unarmed
rCold   . . .      Faith    .   (no shield)
rNeg    . . .      Spirit   .   (helmet restricted)
rPois   .          Reflect  .   (no amulet)
rElec   .          Harm     .   g - ring of willpower
rCorr   .          Rampage  .   (no ring)
Will    +....                   (no ring)
Stlth   +++.......              (no ring)
HPRegen 0.11/turn               (no ring)
MPRegen 0.11/turn               (no ring)
                                (no ring)
                                (no ring)

@: no status effects
A: almost no armour, amphibious, 8 rings, camouflage 1, gelatinous body 1,
(nimble swimmer 1), tentacles
a: no special abilities


You were on level 3 of the Dungeon.
You visited 1 branch of the dungeon, and saw 3 of its levels.

You collected 57 gold pieces.


Innate Abilities, Weirdness & Mutations

You cannot wear most types of armour.
You are amphibious.
You can wear up to eight rings at the same time.
Your skin changes colour to match your surroundings (Stealth+).
Your rubbery body absorbs attacks. (AC +1, EV +1)
((You are camouflaged when in or above water. (Stealth+)))
You have tentacles for arms and can constrict up to eight enemies at once.


   Skills:
 + Level 2.3 Fighting
 + Level 2.9 Dodging
 + Level 2.7 Stealth
 * Level 4.3 Unarmed Combat
 - Level 2.0 Spellcasting
 - Level 2.0 Transmutations


You had 7 spell levels left.
You knew the following spells:

 Your Spells              Type           Power      Damage    Failure   Level
a - Beastly Appendage     Tmut           16%        N/A       9%          1

Your spell library contained the following spells:

 Spells                   Type           Power      Damage    Failure   Level
 Wereblood                Tmut           8%         N/A       14%         2
 Corpse Rot               Necr/Air       2%         N/A       30%         2
 Spider Form              Tmut/Pois      4%         N/A       38%         3
 Ice Form                 Ice/Tmut       4%         N/A       80%         4
 Dispel Undead            Necr           1%         3d6       90%         4
 Death Channel            Necr           0%         N/A       100%        6

Inventory:

Jewellery
 g - a ring of willpower (left tentacle)
   (You found it on level 2 of the Dungeon)
Scrolls
 b - 2 scrolls of identify {unknown}
 e - 2 scrolls of teleportation {unknown}
 h - a scroll of magic mapping {unknown}
Potions
 a - a potion of degeneration {unknown}
 c - 2 potions of curing {unknown}
 d - a potion of flight {unknown}
 f - a potion of might {unknown}

Dungeon Overview and Level Annotations

Branches:
Dungeon (3/15)

Altars:

Shops:
D:1 *[!

Annotations:
D:3 Grinder

.... ## ...... ..
#...#.. #. #........
#. #.##.!......
#5##.#...##..#
#..oo.g.w...#
#o.o@..#...#
.....#.#..#..# ###
#.......#
#####.###...#
............## .##..#
.............#......
.............##....# .
.....#........#....#..
....................


You could see Grinder, a dart slug, 4 orcs and a goblin.


Message History

An adder comes into view.
You miscast Beastly Appendage.
You are very lightly contaminated with residual magic.
Nothing appears to happen.
MP[-1]
You lost 1 mp, and now have 6/7 mp.
The adder hisses angrily.
The adder barely misses you.
You miss the adder. Your grab misses the adder. The adder bites you.
You are poisoned.
The adder poisons you!
HP[-4]
You take 4 damage, and now have 25/29 hp.
You barely miss the adder. Your grab misses the adder. You squeeze the adder!
You feel sick. The adder barely misses you.
HP[-1]
You take 1 damage, and now have 24/29 hp.
You closely miss the adder. Your grab misses the adder.
Your squeeze misses the adder.
You feel sick. The adder closely misses you.
HP[-1]
You take 1 damage, and now have 23/29 hp.
You tentacle-slap the adder. You grab the adder. You constrict the adder.
You feel sick. The adder bites you.
HP[-5]
You take 5 damage, and now have 18/29 hp.
You tentacle-slap the adder.
You kill the adder!
You feel sick.
You are no longer poisoned.
Your magical contamination has completely faded away.
You have reached level 5!
You feel clever.
HP[+3]
You now have 34 max hp (+5).
You regained 3 hp, and now have 21/34 hp.
You see here an adder corpse.
You see here a +0 dagger {short}.
Done exploring.
HP[+13] MP[+2]
Your hp is fully restored (34).
Your mp is fully restored (8).
Done exploring.
(D) Dungeon
Where to? (Enter - D:2, ? - help)
You see here a +0 dagger {short}.
There is a stone staircase leading down here.
You climb downwards.
There is a stone staircase leading up here.
A dart slug and an orc come into view.
You miscast Beastly Appendage.
You are very lightly contaminated with residual magic.
Nothing appears to happen.
MP[-1]
You lost 1 mp, and now have 7/8 mp.
An orc wizard comes into view. It is wielding a +0 dagger.
A goblin and an orc come into view.
The dart slug launches a dart at you.
The slug dart hits you. 2 orcs come into view.
Your magical contamination has completely faded away.
HP[-3]
You take 3 damage, and now have 31/34 hp.
The helpless orc wizard fails to defend itself.
You tentacle-slap the orc wizard but do no damage.
You grab the orc wizard.
You squeeze the orc wizard, but do no damage.
You constrict the orc wizard, but do no damage.
The orc shouts!
The orc shouts! x2
You tentacle-slap the orc wizard but do no damage.
You squeeze the orc wizard! You constrict the orc wizard.
The goblin shouts!
You hear a shout!
The orc closely misses you.
The orc wizard hits you with a +0 dagger.
The dart slug launches a dart at you. The slug dart hits you.
You tentacle-slap the orc wizard.
You constrict the orc wizard, but do no damage.
The orc barely misses you.
The orc wizard struggles to escape constriction.
The orc misses you.
You tentacle-slap the orc wizard.
You kill the orc wizard!
The orc hits you from afar with a +0 trident.
The dart slug launches a dart at you. The slug dart hits you.
* * * LOW HITPOINT WARNING * * *
You tentacle-slap the orc but do no damage.
Your grab misses the orc.
The orc hits you from afar with a +0 trident.
* * * LOW HITPOINT WARNING * * *
The dart slug launches a dart at you. The slug dart hits you.
* * * LOW HITPOINT WARNING * * *
You tentacle-slap the orc but do no damage.
Your grab misses the orc.
Grinder comes into view.
The orc hits you with a +0 dagger.
* * * LOW HITPOINT WARNING * * *
The orc hits you from afar with a +0 trident!
You die...

Skill      XL: |  1  2  3  4 |
---------------+-------------+-----
Stealth        | 1 2 |  2.7
Fighting       | 2 |  2.3
Unarmed Combat | 4 |  4.3
Dodging        | |  2.9
Spellcasting   | |  2.0
Transmutations | |  2.0

Action                   |  1- 3 |  4- 6 || total
-------------------------+-------+-------++-------
Melee: Unarmed           |    68 |    50 ||   118
       Constrict         |    20 |    11 ||    31
       Kick              |    16 |    10 ||    26
       Tentacles         |    15 |    11 ||    26
       Punch             |     6 |     1 ||     7
 Cast: Beastly Appendage |    15 |     9 ||    24
 Stab: Sleeping          |     5 |     4 ||     9
Armor: Skin              |     4 |       ||     4
Dodge: Dodged            |    42 |    28 ||    70

Levels and vault maps discovered:
D:1:      saegor_arrival_simple_c, layout_loops_ring, serial_shops,
          nicolae_diamond_shop, nicolae_shop_overgrown_old_shop, shop,
          chequers_mini_garden
D:2:      layout_basic, shapermc_ecumenical_altar_starsandcircs
D:3:      layout_rooms, nicolae_kikubaaqudgha_miasma_corner,
          minmay_misc_feat_iff, minmay_strange_pillars, uniq_crazy_yiuf_cottage,
          uniq_grinder

Notes
Turn   | Place    | Note
-------+----------+-------------------------------------------
     0 | D:1      | zeratav the Octopode Transmuter began the quest for the
                  | Orb.
     0 | D:1      | Reached XP level 1. HP: 13/13 MP: 3/3
     0 | D:1      | magus.rc [v1.9.6]
   196 | D:1      | Reached XP level 2. HP: 14/18 MP: 3/5
   280 | D:1      | Reached skill level 1 in Stealth
   287 | D:1      | HP: 4/18 [hobgoblin (5)]
   725 | D:1      | Found Umpinodu's Assorted Antiques.
   743 | D:1      | Reached XP level 3. HP: 23/23 MP: 6/6
   748 | D:1      | Found Lioxecw's Armour Shoppe.
   759 | D:1      | Found Evonu's Distillery.
   983 | D:1      | You pick up a book of Decay and begin reading...
   983 | D:1      | You add the spells Corpse Rot, Dispel Undead and Death
                  | Channel to your library.
  1316 | D:1      | HP: 5/24 [gnoll/+0 club (9)]
  1317 | D:1      | HP: 1/24 [gnoll/+0 club (4)]
  1319 | D:1      | Reached skill level 2 in Stealth
  1319 | D:1      | Reached XP level 4. HP: 1/29 MP: 7/7
  1635 | D:1      | HP: 3/29 [gnoll/+0 whip (7)]
  1638 | D:1      | Reached skill level 2 in Fighting
  2365 | D:2      | Found a faded altar of an unknown god.
  2369 | D:2      | Reached skill level 4 in Unarmed Combat
  2815 | D:2      | Reached XP level 5. HP: 21/34 MP: 6/8
  3012 | D:3      | Noticed Grinder
  3012 | D:3      | HP: 5/34 [orc/+0 dagger (4)]
  3012 | D:3      | Slain by an orc

Vanquished Creatures
  An orc wizard (D:3)
  2 gnolls (D:1)
  3 adders (D:2)
  2 worms (D:2)
  4 dart slugs
  3 ball pythons
  2 bats (D:1)
  6 endoplasms
  A giant cockroach (D:1)
  5 goblins
  7 hobgoblins
  2 jackals (D:1)
  4 quokkas (D:1)
  A frilled lizard (D:2)
  5 kobolds
  4 rats
52 creatures vanquished.

Table legend:
 A = Non-vault XP
 B = Vault XP
 C = Vault XP percentage of total XP
 D = Non-vault monster count
 E = Vault monster count
 F = Vault count percentage of total count
                 A         B        C        D         E       F
            +---------+---------+-------+---------+---------+-------
      Total |     202 |       0 |   0.0 |      52 |       0 |   0.0
            +---------+---------+-------+---------+---------+-------
        D:1 |      76 |       0 |   0.0 |      25 |       0 |   0.0
        D:2 |      91 |       0 |   0.0 |      26 |       0 |   0.0
        D:3 |      35 |       0 |   0.0 |       1 |       0 |   0.0
            +---------+---------+-------+---------+---------+-------

Illustrated notes

Table legend:
 A = Kills in this place as a percentage of kills in entire the game.
 B = Kills by you in this place as a percentage of kills by you in the entire game.
 C = Kills by friends in this place as a percentage of kills by friends in the entire game.
 D = Other kills in this place as a percentage of other kills in the entire game.
 E = Experience gained in this place as a percentage of experience gained in the entire game.
 F = Experience gained in this place divided by the number of levels of this place that you have seen.
                   A       B       C       D       E      F
               +-------+-------+-------+-------+-------+----------------------
         Total | 100.0 | 100.0 |   N/A |   N/A | 100.0 |  67.3
       Dungeon | 100.0 | 100.0 |   N/A |   N/A | 100.0 |  67.3
               +-------+-------+-------+-------+-------+----------------------

Table legend: (Time is in decaauts)
 A = Elapsed time spent in this place.
 B = Non-inter-level travel time spent in this place.
 C = Inter-level travel time spent in this place.
 D = Time resting spent in this place.
 E = Time spent auto-exploring this place.
 F = Levels seen in this place.
 G = Mean time per level.
                   A        B        C        D        E       F      G
               +--------+--------+--------+--------+--------+-----+--------+
         Total |   3004 |   2972 |     32 |    813 |   1853 |   3 | 1001.3 |
       Dungeon |   3004 |   2972 |     32 |    813 |   1853 |   3 | 1001.3 |
               +--------+--------+--------+--------+--------+-----+--------+

Top non-repeatable levels by time:
     D:1: 1672 daAuts
     D:2: 1306 daAuts
     D:3: 26 daAuts
